Map: Dusk Towers

Players

pugwalker - Winner!

  • Race: Terran Terran
  • League: Master

WinD

  • Race: Zerg Zerg
  • League: Grandmaster

VOD

Have the link to the VOD?

Description

Time

  • Played on: Feb. 25, 2016, 3:18 p.m.
  • Length: 12:09
Show
View Real Time Build Order
Export as new Build Order

pugwalker Terran - Winner!

Build Orders: Hellion Opening, Reaper Expand, Bio Tank 

Get SALT Encoding   

  12  0:00  SCV  
  13  0:13  SCV  
  14  0:18  Supply Depot  
  14  0:25  SCV  
  15  0:39  SCV  
  15  0:40  Barracks  
  16  0:45  Refinery  
  16  0:51  SCV  
  17  1:03  SCV  
  18  1:16  SCV  
  19  1:28  Orbital Command  
  19  1:29  Reaper  
  20  1:38  Command Center  
  20  1:48  Supply Depot  
  20  1:53  SCV  
  21  2:01  Marine  
  21  2:05  SCV  
  23  2:12  Factory  
  23  2:13  Refinery  
  23  2:17  SCV  
  24  2:31  Barracks Reactor, SCV  
  25  2:43  SCV  
  26  2:50  Orbital Command  
  26  2:55  SCV  
  26  2:56  Starport  
  27  3:07  SCV  
  27  3:12  Hellion x2  
  32  3:15  Barracks Reactor, Supply Depot  
  32  3:19  SCV  
  33  3:24  SCV  
  34  3:33  Medivac  
  34  3:34  Hellion x2  
  40  3:36  SCV  
  40  3:39  Armory  
  40  3:40  Supply Depot  
  41  3:43  SCV  
  42  3:48  SCV  
  43  3:55  Barracks  
  43  3:56  Barracks  
  43  3:58  Hellion x2  
  43  3:59  Marine x2  
  43  4:01  SCV  
  50  4:09  SCV  
  51  4:16  Marine  
  52  4:17  Marine  
  52  4:24  Hellion x2, Medivac  
  57  4:26  SCV  
  57  4:27  SCV  
  57  4:30  Engineering Bay  
  61  4:36  Supply Depot x2  
  61  4:38  SCV  
  62  4:50  Barracks Tech Lab  
  62  4:56  Supply Depot  
  62  4:57  SCV x2, Marine x2  
  62  4:58  Hellion x2  
  66  5:34  Marine x3  
  69  5:40  SCV  
  69  5:42  Stimpack  
  64  5:43  Starport Reactor  
  64  5:44  Barracks  
  64  5:45  Barracks  
  64  5:47  Command Center, Barracks  
  62  5:52  Marine  
  49  5:57  Marine  
  49  5:58  Marauder  
  49  6:02  Liberator  
  49  6:03  SCV  
  53  6:07  SCV  
  53  6:09  Refinery  
  53  6:10  Refinery, Terran Infantry Weapons Level 1, Marine  
  55  6:12  Factory Tech Lab  
  55  6:13  Engineering Bay  
  55  6:15  SCV  
  55  6:17  Marine  
  57  6:18  Marine  
  57  6:19  SCV  
  57  6:23  Medivac  
  64  6:27  SCV  
  64  6:29  Marine  
  64  6:31  Siege Tank  
  64  6:32  SCV  
  70  6:35  Marine  
  70  6:39  SCV  
  72  6:44  Terran Infantry Armor Level 1, SCV  
  72  6:46  Barracks Tech Lab  
  73  6:47  Supply Depot  
  73  6:49  Barracks Reactor  
  73  6:51  SCV  
  73  6:53  Marine  
  73  6:54  Marine x2  
  75  6:55  Supply Depot x2  
  75  6:56  SCV  
  75  7:01  Marine x2  
  78  7:02  Orbital Command  
  78  7:04  SCV, Supply Depot  
  78  7:08  SCV  
  82  7:11  Marine  
  82  7:12  Siege Tank, Marauder  
  88  7:16  SCV  
  88  7:17  Terran Vehicle Weapons Level 1  
  88  7:20  SCV  
  88  7:22  Marine x3  
  95  7:24  Marine  
  95  7:25  Orbital Command  
  95  7:26  Marine x2  
  95  7:27  Medivac  
  95  7:29  SCV, Marine  
  100  7:33  SCV  
  102  7:37  Combat Shields  
  102  7:39  Marine  
  102  7:40  Marine  
  104  7:45  SCV  
  104  7:46  SCV, Marine  
  104  7:47  Marine x3  
  109  7:54  Siege Tank  
  109  7:55  SCV  
  109  7:58  SCV  
  110  8:02  Medivac  
  110  8:03  SCV, Factory  
  113  8:10  Barracks Reactor  
  113  8:11  Marine  
  113  8:12  Marine x5  
  119  8:13  SCV x2  
  119  8:16  Marine  
  119  8:17  Medivac  
  124  8:22  Terran Infantry Weapons Level 2, SCV  
  124  8:25  SCV x2  
  127  8:27  Refinery  
  127  8:28  Refinery  
  127  8:29  Marine x2  
  127  8:30  Marine  
  127  8:31  Siege Tank  
  133  8:45  Supply Depot x2  
  133  8:47  Terran Infantry Armor Level 2, Supply Depot, SCV x3, Marine x5  
  141  8:48  Marine  
  141  8:53  Marine x3  
  145  8:59  SCV  
  145  9:01  Siege Tank  
  149  9:13  Marine x2  
  149  9:14  Marauder, Marine x3  
  149  9:15  Siege Tank, Medivac  
  149  9:17  Marine x3  
  160  9:23  Supply Depot  
  163  9:27  Supply Depot  
  163  9:30  Supply Depot  
  163  9:31  Marine x2  
  163  9:33  Siege Tank  
  163  9:36  Marine x5  
  163  9:37  Marine  
  173  9:42  Supply Depot  
  173  9:44  Terran Vehicle Weapons Level 2, Supply Depot  
  173  9:45  SCV x2, Marine  
  176  9:47  Siege Tank, Medivac  
  176  9:49  Marine x2  
  176  9:50  Supply Depot  
  183  9:54  Marine  
  181  10:25  Marine x4  
  181  10:26  Siege Tank x2, Marine x4  
  195  10:29  Missile Turret x2  
  150  11:15  Marine  
  150  11:16  Marine x8  
  150  11:17  Siege Tank x2  
  157  11:42  Marauder, Marine x8  
Show
View Real Time Build Order
Export as new Build Order

WinD Zerg 

Build Orders: Hatch First, Muta Ling Bane 

Get SALT Encoding   

  12  0:03  Drone  
  13  0:13  Overlord  
  13  0:19  Drone  
  14  0:31  Drone x2  
  16  0:39  Drone  
  17  0:54  Hatchery  
  16  0:57  Drone  
  16  0:59  Drone  
  18  1:15  Extractor  
  18  1:17  Spawning Pool, Drone  
  17  1:23  Drone  
  18  1:29  Drone  
  19  1:44  Overlord  
  19  2:00  Drone  
  20  2:04  Queen  
  20  2:05  Zergling x2  
  20  2:07  Queen  
  20  2:08  Zergling x2  
  26  2:17  Drone x2  
  26  2:18  Metabolic Boost  
  28  2:32  Drone x2  
  30  2:40  Queen  
  30  2:42  Queen  
  34  2:51  Overlord x2  
  34  2:52  Overlord  
  34  3:09  Hatchery  
  33  3:19  Drone x5  
  38  3:20  Drone  
  38  3:24  Drone  
  38  3:25  Drone  
  41  3:27  Drone  
  41  3:33  Drone x2  
  44  3:40  Overlord  
  44  3:41  Overlord  
  44  3:51  Spine Crawler  
  44  3:53  Drone x4  
  44  3:54  Drone  
  48  4:01  Roach Warren  
  47  4:05  Evolution Chamber x2  
  45  4:13  Drone x5  
  50  4:24  Zergling x4  
  50  4:28  Extractor  
  50  4:29  Extractor, Overlord x2  
  50  4:30  Zergling x6  
  51  4:39  Zergling x2  
  51  4:40  Zergling x6  
  53  4:52  Spore Crawler, Drone  
  53  4:53  Spore Crawler, Drone x3  
  53  4:57  Zerg Ground Armor Level 1, Zerg Melee Weapons Level 1  
  55  5:06  Roach  
  55  5:07  Roach x2  
  52  5:10  Roach  
  54  5:20  Roach  
  54  5:21  Roach  
  55  5:24  Roach  
  57  5:30  Zergling x8  
  57  5:31  Zergling x2  
  55  5:51  Zergling x8  
  55  5:52  Zergling x6  
  55  5:53  Extractor x2  
  55  5:59  Queen  
  57  6:13  Hatchery  
  57  6:17  Drone x5  
  57  6:18  Baneling Nest  
  60  6:40  Ravager  
  60  6:41  Ravager  
  60  6:42  Drone  
  60  6:43  Drone x5  
  60  6:44  Lair  
  60  6:45  Extractor  
  67  6:54  Drone x2  
  68  7:04  Overlord x2  
  68  7:05  Zergling x4  
  68  7:06  Baneling  
  68  7:07  Baneling x7  
  70  7:17  Drone x3  
  70  7:18  Drone x2  
  70  7:21  Ravager  
  76  7:34  Drone  
  76  7:36  Drone x5  
  82  7:38  Queen  
  84  7:46  Drone  
  84  7:47  Drone x5  
  90  7:55  Hatchery  
  89  8:01  Spire  
  83  8:07  Drone x5  
  83  8:08  Drone  
  89  8:16  Hatchery, Zerg Ground Armor Level 2  
  89  8:17  Zerg Melee Weapons Level 2  
  88  8:38  Infestation Pit  
  88  8:39  Centrifical Hooks  
  87  8:42  Zergling x4  
  87  8:46  Overlord x5  
  87  8:47  Overlord  
  87  8:48  Pneumatized Carapace  
  89  9:12  Drone x5  
  89  9:13  Zergling x20  
  89  9:16  Mutalisk  
  104  9:17  Zerg Flyer Weapons Level 1, Extractor  
  105  9:28  Mutalisk x8  
  105  9:29  Mutalisk  
  123  9:31  Drone  
  123  9:32  Extractor  
  123  9:42  Mutalisk x2  
  127  9:49  Spine Crawler  
  127  9:50  Drone  
  127  9:51  Drone x4  
  131  9:54  Hive  
  131  9:59  Overlord  
  131  10:13  Zergling x24  
  143  10:26  Zergling x20, Hatchery  
  152  10:39  Baneling x17  
  152  10:40  Baneling x8  
  152  10:46  Zergling x12  
  152  10:47  Zergling x2  
  135  11:03  Zergling x6  
  135  11:04  Zergling x22  
  106  11:26  Baneling x19  
  106  11:27  Baneling x7  
  106  11:28  Mutalisk  
  106  11:29  Mutalisk x2  
  112  11:38  Mutalisk x4  
  109  11:46  Zergling x14  
  116  11:59  Ultralisk Cavern  
Tags
 
Add a new tag
Caveats
  • Supply blocks, unpowered buildings, or Contaminate may cause inaccurate times.
  • Supply counts are checked every 10 seconds.